 Dungeon Crawl Stone Soup version 0.28.0-47-ge53b351184 (webtiles) character file.

Game seed: 9461890001883074710

35 pkoi the Gusty (level 3, -4/26 HPs)
             Began as a Demigod Air Elementalist on May 8, 2022.
             Slain by a gnoll
             ... wielding a +0 halberd
              (16 damage)
             ... on level 2 of the Dungeon.
             The game lasted 00:01:35 (1961 turns).

pkoi the Gusty (Demigod Air Elementalist)           Turns: 1961, Time: 00:01:35

Health: -4/26      AC:  2    Str:  9    XL:     3   Next: 4%
Magic:  3/8        EV: 12    Int: 21    God:
Gold:   22         SH:  0    Dex: 14    Spells: 4/5 levels left

rFire   . . .      SeeInvis .   b - +0 dagger
rCold   . . .      Faith    .   (no shield)
rNeg    . . .      Spirit   .   a - +0 robe
rPois   .          Reflect  .   (no helmet)
rElec   .          Harm     .   (no cloak)
rCorr   .          Rampage  .   (no gloves)
Will    .....                   (no boots)
Stlth   ++........              (no amulet)
HPRegen 0.08/turn               (no ring)
MPRegen 0.11/turn               (no ring)

@: no status effects
A: high MP 1, forlorn, divine attributes
a: no special abilities


You were on level 2 of the Dungeon.
You visited 1 branch of the dungeon, and saw 2 of its levels.

You collected 22 gold pieces.

Inventory:

Hand Weapons
 b - a +0 dagger (weapon)
Armour
 a - a +0 robe (worn)
Jewellery
 d - an amulet of the acrobat
 g - a ring of see invisible
Scrolls
 c - 2 scrolls of identify {unknown}
 f - a scroll of immolation {unknown}
 i - a scroll of teleportation {unknown}
Potions
 e - a potion of mutation {unknown}
 h - a potion of flight {unknown}


   Skills:
 - Level 1.7 Dodging
 - Level 1.7 Stealth
 - Level 1.7 Spellcasting
 - Level 0.8 Conjurations
 + Level 3.9 Air Magic


You had 4 spell levels left.
You knew the following spells:

 Your Spells              Type           Power      Damage    Failure   Level
a - Shock                 Conj/Air       48%        1d6       5%          1

Your spell library contained the following spells:

 Spells                   Type           Power      Damage    Failure   Level
 Static Discharge         Conj/Air       12%        N/A       9%          2
 Swiftness                Air            18%        N/A       9%          3
 Airstrike                Air            9%         N/A       28%         4
 Call Canine Familiar     Summ           1%         N/A       41%         3
 Portal Projectile        Hex/Tloc       2%         N/A       41%         3
 Leda's Liquefaction      Hex/Erth       0%         N/A       83%         4


Dungeon Overview and Level Annotations

Branches:
Dungeon (2/15)


Innate Abilities, Weirdness & Mutations

You have an increased reservoir of magic. (+10% MP)
You shall have no god before yourself.
Your divine heritage dramatically boosts your attributes as you level up.


Message History

You shred the net and break free!
The gnoll shouts!
Aiming: Shock (safe; 5% risk of failure)
Press: ? - help, Q - select action Shift-Dir - straight line, f - gnoll
Aim: a gnoll, wielding a +0 flail of protection (72% to hit)
The zap hits the gnoll.
The gnoll is lightly wounded.
The zap hits the gnoll.
The gnoll is moderately wounded.
You hear a shout!
Aiming: Shock (safe; 5% risk of failure)
Press: ? - help, Q - select action Shift-Dir - straight line, f/p - gnoll
Aim: a gnoll, wielding a +0 flail of protection (lightly wounded, 72% to hit)
The zap hits the gnoll but does no damage.
The gnoll is lightly wounded.
The zap hits the gnoll.
The gnoll is severely wounded.
Aiming: Shock (safe; 5% risk of failure)
Press: ? - help, Q - select action Shift-Dir - straight line, f/p - gnoll
Aim: a gnoll, wielding a +0 flail of protection (lightly wounded, 72% to hit)
The zap hits the gnoll.
The gnoll is moderately wounded.
The gnoll hits you with a +0 flail of protection.
Aiming: Shock (safe; 5% risk of failure)
Press: ? - help, Q - select action Shift-Dir - straight line, f/p - gnoll
Aim: a gnoll, wielding a +0 flail of protection (moderately wounded, 72% to hit)
The zap hits the gnoll.
The gnoll is heavily wounded.
The gnoll barely misses you.
Aiming: Shock (safe; 5% risk of failure)
Press: ? - help, Q - select action Shift-Dir - straight line, p - gnoll The zap hits the gnoll.
The gnoll is severely wounded.
The zap hits the gnoll.
The gnoll is almost dead.
The gnoll hits you with a +0 flail of protection!
* * * LOW HITPOINT WARNING * * *
The gnoll hits you from afar with a +0 halberd!
Ouch! That really hurt!
You die...

#########
#.@<....#
###g#####.#
#..g.......
#.#.##.##.#
#.#g...#
#.#.......#
#.#.##.####
#.... .#
..... .


You could see 3 gnolls.

Vanquished Creatures
  A dart slug (D:1)
  3 bats (D:1)
  An endoplasm (D:1)
  3 giant cockroaches (D:1)
  4 goblins (D:1)
  2 hobgoblins (D:1)
  3 kobolds (D:1)
  A quokka (D:1)
  5 ball pythons (D:1)
  A frilled lizard (D:1)
  8 rats (D:1)
32 creatures vanquished.

Notes
Turn   | Place    | Note
-------+----------+-------------------------------------------
     0 | D:1      | pkoi the Demigod Air Elementalist began the quest for the
                  | Orb.
     0 | D:1      | Reached XP level 1. HP: 14/14 MP: 5/5
    71 | D:1      | Reached skill level 3 in Air Magic
   397 | D:1      | Reached XP level 2. HP: 15/20 MP: 5/7
  1697 | D:1      | Reached XP level 3. HP: 26/26 MP: 6/8
  1961 | D:2      | Slain by a gnoll

Illustrated notes

Levels and vault maps discovered:
D:1:      dpeg_arrival_ratfight, layout_basic,
          dreamdust_ecumenical_altar_angels_and_demons, minmay_three_crescents
D:2:      layout_loops_cross, basic_altar

Skill      XL: |  1 |
---------------+----+-----
Air Magic      | 3 |  3.9
Dodging        | |  1.7
Stealth        | |  1.7
Spellcasting   | |  1.7
Conjurations   | |  0.8

Action                   || total
-------------------------++-------
Melee: Dagger            ||    14
 Cast: Shock             ||    68
Armor: Robe              ||     7
Dodge: Dodged            ||    18
